 Dungeon Crawl Stone Soup version 0.29.1-2-gbd0b4ee654 (webtiles) character file.

Game seed: 3225287515788446997

114 quakins the Ruffian (level 4, -2/40 HPs)
             Began as a Troll Transmuter on Oct 29, 2022.
             Slain by Sigmund
             ... wielding a +0 scythe
              (4 damage)
             ... on level 3 of the Dungeon.
             The game lasted 00:02:44 (1811 turns).

quakins the Ruffian (Troll Transmuter)              Turns: 1811, Time: 00:02:45

Health: -2/40      AC:  4    Str: 20    XL:     4   Next: 67%
Magic:  4/4        EV:  9    Int:  9    God:
Gold:   124        SH:  5    Dex: 10    Spells: 4/5 levels left

rFire   . . .      SeeInvis .     - Unarmed
rCold   + . .      Faith    .   (no shield)
rNeg    + . .      Spirit   .   a - +0 robe
rPois   .          Reflect  +   (helmet restricted)
rElec   .          Harm     .   (no cloak)
rCorr   .          Rampage  .   (gloves unavailable)
Will    .....                   (boots unavailable)
Stlth   +.........              o - amulet of reflection
HPRegen 0.93/turn               m - ring of protection from cold
MPRegen 0.09/turn               g - ring of positive energy

@: no status effects
A: large, unfitting armour, claws 3, regeneration 1, shaggy fur 1, tough skin 1
a: no special abilities


You were on level 3 of the Dungeon.
You visited 1 branch of the dungeon, and saw 3 of its levels.

You collected 124 gold pieces.

Inventory:

Missiles
 l - 4 atropa-tipped darts
Armour
 a - a +0 robe (worn)
Jewellery
 g - a ring of positive energy (right claw)
 m - a ring of protection from cold (left claw)
 o - an amulet of reflection (around neck)
 p - a ring of ice
Scrolls
 d - 5 scrolls of identify {unknown}
 e - a scroll of magic mapping {unknown}
 f - 2 scrolls of silence
 i - 2 scrolls of fog {unknown}
 k - a scroll of amnesia {unknown}
 q - a scroll of enchant armour {unknown}
 r - a scroll of teleportation {unknown}
 u - 2 scrolls of enchant weapon {unknown}
Potions
 b - 2 potions of lignification
 c - a potion of cancellation {unknown}
 h - a potion of magic {unknown}
 j - a potion of curing {unknown}
 n - a potion of mutation {unknown}
 s - a potion of heal wounds {unknown}
 t - a potion of degeneration {unknown}
 v - a potion of flight {unknown}


   Skills:
 - Level 0.7 Fighting
 - Level 1.5 Dodging
 + Level 5.5 Unarmed Combat
 - Level 1.2 Spellcasting
 - Level 1.3 Transmutations


You had 4 spell levels left.
You knew the following spells:

 Your Spells              Type           Power      Damage    Failure   Level
a - Beastly Appendage     Tmut           6%         N/A       21%         1

Your spell library contained the following spells:

 Spells                   Type           Power      Damage    Failure   Level
 Wereblood                Tmut           3%         N/A       30%         2
 Spider Form              Tmut/Pois      1%         N/A       63%         3
 Inner Flame              Hex/Fire       0%         N/A       73%         3
 Ice Form                 Ice/Tmut       1%         N/A       95%         4
 Cause Fear               Hex            0%         N/A       98%         4
 Discord                  Hex            0%         N/A       100%        8


Dungeon Overview and Level Annotations

Branches:
Dungeon (3/15)

Altars:
Dithmenos
Sif Muna

Annotations:
D:3 Sigmund


Innate Abilities, Weirdness & Mutations

You are too large for most types of armour.
You have claws for hands.
Your natural rate of healing is unusually fast.
You are covered in fur. (AC +1)
You have tough skin. (AC +1)


Message History

Sigmund shouts!
Sigmund is nearby!
Sigmund is nearby!
Sigmund gestures wildly while chanting.
Sigmund flickers and vanishes!
Deactivating autopickup; reactivate with Ctrl-A.
Something hits you! Something hits you.
You barely miss something. You claw something!
You hear a zap.
A puff of flame appears from out of thin air!
The puff of flame hits you.
You miss something. You block something's attack.
You miss something. You barely miss something.
Something hits you but does no damage.
You miss something.
You hear some strange, mumbled words.
A magic dart appears from out of thin air!
The magic dart hits you.
You barely miss something. You barely miss something.
You hear some strange, mumbled words.
You are confused.
Something hits you. x2
Something hits you! Something hits you.
* * * LOW HITPOINT WARNING * * *
You closely miss something. Your claw misses something. You miss something.
Something hits you!
* * * LOW HITPOINT WARNING * * *
Something hits you.
* * * LOW HITPOINT WARNING * * *
You feel less confused.
You hear some strange, mumbled words.
A magic dart appears from out of thin air!
The magic dart hits you.
* * * LOW HITPOINT WARNING * * *
You barely miss something. Something hits you.
You die...

##..# #..........#
#..>#######....>.....#
.....................#
#.##.######..........#
..##.# #####....<...#
####.###............##
# #.....##..........#
####..#####..........#
.......# #.....@{...#
######.## #.....(....#
#..###..........#
#######..###........##
....†.<..# ##......##
########## ########


There were no monsters in sight!

Vanquished Creatures
  Natasha (D:2)
  2 adders
  A dart slug (D:1)
  3 orcs (D:3)
  A ball python (D:1)
  3 bats
  7 endoplasms
  3 giant cockroaches
  9 goblins
  9 hobgoblins
  3 jackals (D:3)
  7 kobolds
  A quokka (D:3)
  5 frilled lizards
  4 rats
59 creatures vanquished.

Notes
Turn   | Place    | Note
-------+----------+-------------------------------------------
     0 | D:1      | quakins the Troll Transmuter began the quest for the Orb.
     0 | D:1      | Reached XP level 1. HP: 18/18 MP: 1/1
   115 | D:1      | Reached XP level 2. HP: 26/26 MP: 2/2
   235 | D:1      | Reached skill level 4 in Unarmed Combat
   460 | D:1      | Reached XP level 3. HP: 32/32 MP: 3/3
  1317 | D:2      | Noticed Natasha
  1322 | D:2      | Killed Natasha
  1323 | D:2      | Reached skill level 5 in Unarmed Combat
  1323 | D:2      | Reached XP level 4. HP: 40/40 MP: 4/4
  1641 | D:3      | Found a shadowy altar of Dithmenos.
  1683 | D:3      | Found a shimmering blue altar of Sif Muna.
  1789 | D:3      | Noticed Sigmund
  1810 | D:3      | HP: 1/40 [something/magic dart (6)]
  1811 | D:3      | Slain by Sigmund

Illustrated notes

Levels and vault maps discovered:
D:1:      dpeg_arrival_morbid_curiosity, layout_basic
D:2:      layout_loops_ring, uniq_natasha
D:3:      layout_rooms, mainiacjoe_overflow_two_lobes, uniq_sigmund

Skill      XL: |  1  2  3 |
---------------+----------+-----
Unarmed Combat | 4 5 |  5.5
Fighting       | |  0.7
Dodging        | |  1.5
Spellcasting   | |  1.2
Transmutations | |  1.3

Action                   |  1- 3 |  4- 6 || total
-------------------------+-------+-------++-------
Melee: Unarmed           |   107 |    50 ||   157
       Punch             |       |     2 ||     2
  Use: Scroll            |     1 |       ||     1
 Stab: Sleeping          |     2 |       ||     2
Armor: Robe              |    33 |    12 ||    45
Dodge: Dodged            |    51 |    11 ||    62
Block: Other             |       |    10 ||    10
